 Dungeon Crawl Stone Soup version 0.23-a0-329-g6f3f904 (webtiles) character file.

147 namelastname112 the Chopper (level 5, -8/48 HPs)
             Began as a Draconian Wanderer on Oct 16, 2018.
             Was a Follower of Ashenzari.
             Mangled by an ogre
             ... wielding a +0 giant club
              (22 damage)
             ... on level 4 of the Dungeon.
             The game lasted 00:04:19 (2408 turns).

namelastname112 the Chopper (Draconian Wanderer)    Turns: 2408, Time: 00:04:20

Health: -8/48      AC:  5    Str: 13    XL:     5   Next: 8%
Magic:  5/5        EV: 13    Int: 10    God:    Ashenzari [*.....]
Gold:   142        SH:  0    Dex: 15    Spells: 4/4 levels left

rFire    . . .     SeeInvis .   o - +0 short sword (elec)
rCold    . . .     Gourm    .   (no shield)
rNeg     . . .     Faith    .   (armour unavailable)
rPois    .         Spirit   .   (helmet restricted)
rElec    .         Reflect  .   (no cloak)
rCorr    .         Harm     .   (no gloves)
MR       .....                  (no boots)
Stlth    +.........             a - amulet of regeneration
HPRegen  0.56/turn              c - ring of attention (curse)
MPRegen  0.09/turn              (no ring)

@: lethally poisoned (-8 -> -9)
A: unfitting armour, cold-blooded, AC +5
a: Curse Item, Scrying, Renounce Religion


You were on level 4 of the Dungeon.
You worshipped Ashenzari.
Ashenzari was aware of your devotion.
You were hungry.

You visited 1 branch of the dungeon, and saw 4 of its levels.

You collected 142 gold pieces.

Inventory:

Hand Weapons
 o - a +0 short sword of electrocution (weapon)
Jewellery
 a - an amulet of regeneration (around neck)
 c - a cursed ring of attention (left hand)
 s - an uncursed amulet of magic regeneration
Scrolls
 e - a scroll of enchant armour {unknown}
 g - 4 scrolls of remove curse
 h - a scroll of immolation {unknown}
 j - a scroll of random uselessness {unknown}
 l - a scroll of amnesia {unknown}
 m - 4 scrolls of identify {unknown}
 p - a scroll of teleportation {unknown}
 r - a scroll of noise {unknown}
 t - a scroll of magic mapping {unknown}
Potions
 b - 5 potions of heal wounds
 d - a potion of lignification
 i - a potion of degeneration {unknown}
 k - a potion of might {unknown}
 n - a potion of cancellation {unknown}
 q - 2 potions of flight {unknown}
 u - a potion of mutation {unknown}
Comestibles
 f - 3 rations


   Skills:
 + Level 5.0 Fighting
   Level 5.0 Axes
 + Level 2.9 Dodging
 - Level 1.0 Stealth
   Level 1.0 Evocations


You had 4 spell levels left.
You didn't know any spells.
Your spell library was empty.

Dungeon Overview and Level Annotations

Branches:
Dungeon (4/15)             Temple (0/1) D:4

Altars:
Ashenzari
Qazlal
Ru


Innate Abilities, Weirdness & Mutations

Your plain brown scales are hard. (AC +5)
You cannot fit into any form of body armour.
You are cold-blooded and may be slowed by cold attacks.


Message History

You see here a worker ant corpse.
You take 2 damage, and have 19/48 hp.
You feel sick.
You feel sick. The giant cockroach barely misses you.
You take 2 damage, and have 17/48 hp.
You feel sick.
A giant cockroach comes into view.
You are feeling hungry.
You feel sick.
You take 1 damage, and have 16/48 hp.
You aren't carrying any items that you can evoke.
An ogre comes into view. It is wielding a +0 giant club.
You feel sick.
The giant cockroach waves its antennae.
A giant cockroach comes into view.
You feel sick.
You take 2 damage, and have 14/48 hp.
You feel sick.
The ogre hits you with a +0 giant club!!
You die...

# #### ######### #.
##... ....≈≈≈≈≈
#.##.##...####...≈s≈≈∩
.g..g...#...##O#.≈≈≈≈
#....#..@.s#
#.#†#####s## ..
#.#..g.g..# #.
#.######### .. #.# ##.
#.# ... #.#
..S######.#
...#......#


You could see an ogre and 3 giant cockroaches.

Vanquished Creatures
  An orc wizard (D:3)
  A worker ant (D:4)
  4 adders
  A worm (D:2)
  A dart slug (D:1)
  3 leopard geckos
  An orc (D:3)
  A giant cockroach (D:3)
  2 goblins (D:3)
  10 hobgoblins
  6 jackals (D:3)
  5 kobolds
  2 ball pythons
  4 bats (D:3)
  5 frilled lizards
  5 rats
52 creatures vanquished.

Notes
Turn   | Place    | Note
-------+----------+-------------------------------------------
     0 | D:1      | namelastname112 the Draconian Wanderer began the quest for
                  | the Orb.
     0 | D:1      | namelastname112 set off with: a +2 dagger, a potion of heal
                  | wounds, a +0 hand axe, a potion of lignification, a ration
     0 | D:1      | Reached XP level 1. HP: 19/19 MP: 1/1
   212 | D:1      | Reached skill level 1 in Dodging
   212 | D:1      | Reached XP level 2. HP: 10/26 MP: 2/2
   873 | D:2      | Noticed an air elemental
   881 | D:2      | Found a stormy altar of Qazlal.
   883 | D:2      | Noticed an earth elemental
   888 | D:2      | Noticed a fire elemental
   888 | D:2      | Noticed a water elemental
  1016 | D:2      | HP: 1/27 [kobold/+0 short sword of electrocution (18)]
  1017 | D:2      | Reached XP level 3. HP: 1/33 MP: 3/3
  1706 | D:3      | Found a faded altar of an unknown god.
  1731 | D:3      | Became a worshipper of Ashenzari the Shackled
  1731 | D:3      | Reached * piety under Ashenzari
  1843 | D:3      | Reached XP level 4. HP: 38/41 MP: 4/4
  2189 | D:3      | Found a sacrificial altar of Ru.
  2379 | D:4      | Found a staircase to the Ecumenical Temple.
  2400 | D:4      | Reached skill level 5 in Fighting
  2400 | D:4      | Reached XP level 5. HP: 22/48 MP: 5/5
  2406 | D:4      | Noticed an ogre
  2408 | D:4      | Mangled by an ogre

Vault maps used:
D:1:      dpeg_arrival_simpleton_b, serial_forest, infiniplex_forest_lined_2,
          infiniplex_forest_straight_4, infiniplex_forest_straight_2,
          infiniplex_forest_lined_2, infiniplex_forest_lined_room_2,
          due_unseen_surprise
D:2:      first_ration, nicolae_qazlal_style_of_elements
D:3:      nicolae_ru_great_annihilating_truth, chequers_ecumenical_altar_island
D:4:      gammafunk_temple_overflow_elements, temple_statues, serial_shops,
          shop, portal_sewer_entry_f

Skill      XL: |  1  2  3  4 |
---------------+-------------+-----
Dodging        | 1 2 |  2.9
Fighting       | 4 5 |  5.0
Axes           | |  5.0
Stealth        | |  1.0
Evocations     | |  1.0

Action                   |  1- 3 |  4- 6 || total
-------------------------+-------+-------++-------
Melee: Dagger            |    52 |       ||    52
       Tailslap          |    12 |     8 ||    20
       Short sword       |    64 |    52 ||   116
 Stab: Sleeping          |     3 |       ||     3
       Paralysed         |       |     1 ||     1
  Eat: Ration            |     1 |       ||     1
       Chunk             |       |     1 ||     1
Armor: Skin              |    31 |    40 ||    71
Dodge: Dodged            |    92 |    78 ||   170

Table legend:
 A = Non-vault XP
 B = Vault XP
 C = Vault XP percentage of total XP
 D = Non-vault monster count
 E = Vault monster count
 F = Vault count percentage of total count
                 A         B        C        D         E       F
            +---------+---------+-------+---------+---------+-------
      Total |     171 |      40 |  19.0 |      48 |       4 |   7.7
            +---------+---------+-------+---------+---------+-------
        D:1 |      22 |       0 |   0.0 |      10 |       0 |   0.0
        D:2 |      39 |       0 |   0.0 |       7 |       0 |   0.0
        D:3 |      64 |      40 |  38.5 |      29 |       4 |  12.1
        D:4 |      46 |       0 |   0.0 |       2 |       0 |   0.0
            +---------+---------+-------+---------+---------+-------
